 Dungeon Crawl Stone Soup version 0.29.1-1-gd02db6906a (webtiles) character file.

Game seed: 14407983896047201200

611 Sabo the Gusty (level 7, -2/42 HPs)
             Began as an Octopode Air Elementalist on Oct 7, 2022.
             Was an Elder of Ignis.
             Slain by a sky beast (5 damage)
             ... on level 4 of the Dungeon.
             The game lasted 00:31:40 (5499 turns).

Sabo the Gusty (Octopode Air Elementalist)          Turns: 5499, Time: 00:31:41

Health: -2/42      AC:  5    Str:  7    XL:     7   Next: 44%
Magic:  13/13      EV: 13    Int: 20    God:    Ignis [****..]
Gold:   204        SH:  0    Dex: 12    Spells: 13/14 levels left

rFire   + . .      SeeInvis .   k - +0 scythe
rCold   . . .      Faith    .   (shield currently unavailable)
rNeg    . . .      Spirit   .   (helmet restricted)
rPois   .          Reflect  .   (no amulet)
rElec   .          Harm     .   f - +4 ring of protection
rCorr   .          Rampage  .   (no ring)
Will    .....                   (no ring)
Stlth   ++++......              (no ring)
HPRegen 0.14/turn               (no ring)
MPRegen 0.13/turn               (no ring)
                                (no ring)
                                (no ring)

@: no status effects
A: almost no armour, amphibious, 8 rings, camouflage 1, gelatinous body 1,
(nimble swimmer 1), tentacles
a: Renounce Religion, Fiery Armour, Foxfire Swarm, Rising Flame


You were on level 4 of the Dungeon.
You worshipped Ignis.
Ignis was greatly pleased with you.
You visited 1 branch of the dungeon, and saw 4 of its levels.

You collected 204 gold pieces.

Inventory:

Hand Weapons
 b - a +4 dagger
 k - a +0 scythe (weapon)
 p - a +0 long sword
Missiles
 c - 6 poisoned darts (quivered)
Magical Staves
 l - a staff of earth
Jewellery
 f - a +4 ring of protection (left tentacle)
Scrolls
 d - a scroll of enchant weapon
 e - a scroll of fear
 g - 2 scrolls of summoning
 h - a scroll of amnesia
 i - a scroll of teleportation
 n - 2 scrolls of butterflies
 r - a scroll of poison {unknown}
 s - a scroll of immolation {unknown}
 t - 2 scrolls of magic mapping {unknown}
 u - a scroll of enchant armour {unknown}
Potions
 a - 2 potions of magic
 j - a potion of mutation {unknown}
 m - 2 potions of heal wounds {unknown}
 o - a potion of brilliance {unknown}
 q - a potion of invisibility {unknown}


   Skills:
 + Level 0.8 Fighting
 + Level 0.6 Short Blades
 + Level 1.6 Polearms
 + Level 2.3 Dodging
 + Level 4.4 Stealth
 + Level 4.1 Spellcasting
 + Level 3.2 Conjurations
 + Level 5.2 Air Magic


You had 13 spell levels left.
You knew the following spells:

 Your Spells              Type           Power      Damage    Failure   Level
a - Shock                 Conj/Air       84%        1d8       2%          1

Your spell library contained the following spells:

 Spells                   Type           Power      Damage    Failure   Level
 Static Discharge         Conj/Air       21%        3-6/arc   3%          2
 Swiftness                Air            25%        N/A       4%          3
 Airstrike                Air            12%        2d(2-18)  14%         4
 Blink                    Tloc           8%         N/A       19%         2
 Dazzling Flash           Conj/Hex       20%        N/A       19%         3
 Silence                  Hex/Air        7%         N/A       77%         5
 Agony                    Necr           4%         N/A       98%         5
 Manifold Assault         Tloc           4%         N/A       98%         5
 Dispersal                Tloc           2%         N/A       100%        6
 Storm Form               Tmut/Air       7%         N/A       100%        7
 Disjunction              Tloc           2%         N/A       100%        8


Dungeon Overview and Level Annotations

Branches:
Dungeon (4/15)
 Temple: D:4-7

Altars:
Elyvilon
Ru
Ignis

Shops:
D:3 [


Innate Abilities, Weirdness & Mutations

You cannot wear most types of armour.
You are amphibious.
You can wear up to eight rings at the same time.
Your skin changes colour to match your surroundings (Stealth+).
Your rubbery body absorbs attacks. (AC +1, EV +1)
((You are camouflaged when in or above water. (Stealth+)))
You have tentacles for arms and can constrict up to eight enemies at once.


Message History

You miss the sky beast. Your squeeze misses the sky beast.
The sky beast flickers out of sight!
Deactivating autopickup; reactivate with Ctrl-A.
Something hits you. Something shocks you.
You miss something. Your squeeze misses something. Something hits you.
Something shocks you. Something hits you but does no damage.
You miss something. Something hits you but does no damage.
You closely miss something. Something completely misses you.
Something hits you but does no damage.
You miss something. Your squeeze misses something.
A sky beast appears from thin air!
Reactivating autopickup.
The sky beast barely misses you.
You hit the sky beast but do no damage.
You squeeze the sky beast, but do no damage.
The sky beast hits you. The sky beast shocks you.
The sky beast flickers out of sight!
Deactivating autopickup; reactivate with Ctrl-A.
Something barely misses you.
You barely miss something. Something hits you. Something shocks you.
You miss something. Something hits you but does no damage.
You miss something. Something hits you. Something shocks you.
* * * LOW HITPOINT WARNING * * *
Something hits you.
* * * LOW HITPOINT WARNING * * *
Something shocks you.
* * * LOW HITPOINT WARNING * * *
You miss something. Something hits you but does no damage.
You barely miss something.
A sky beast appears from thin air!
Reactivating autopickup.
The sky beast completely misses you. The sky beast closely misses you.
You hit the sky beast.
The sky beast is lightly wounded.
The sky beast closely misses you.
You hit the sky beast.
The sky beast is lightly wounded.
The sky beast hits you.
* * * LOW HITPOINT WARNING * * *
The sky beast shocks you.
You die...

..........# ##.# #.##.#
#..######.# #.# #.##.# #..#
#.# #.# #.##.# #..# #.# #.#
#.##.# #..######.#### #.#
##.##.# #............# #.#
#...#.## ##.######.##.# #.#
#...#..# #.# #.##.#######.#
#...##.# #.# #.##....@Y~..#
###.##.# #.# #.##########.#
#.##.# #.# #.# #.# #.##.# #.#
#.########## #.##.#
#.######.##........ #.##.#
#...........# #.##.#
########....#############.##.#
####.##............##.#
#.##.#############.#


You could see a sky beast.

Vanquished Creatures
  Sigmund (D:2)
  A steam dragon (D:4)
  A scorpion (D:4)
  A hound (D:4)
  4 iguanas (D:4)
  4 gnolls (D:4)
  2 adders
  2 worms (D:3)
  3 dart slugs
  An orc (D:4)
  5 ball pythons
  2 bats
  7 endoplasms
  3 giant cockroaches
  7 goblins
  6 hobgoblins
  5 quokkas
  3 frilled lizards
  6 kobolds
  6 rats
70 creatures vanquished.

Vanquished Creatures (others)
  4 plants (D:3)
4 creatures vanquished.

Grand Total: 74 creatures vanquished

Notes
Turn   | Place    | Note
-------+----------+-------------------------------------------
     0 | D:1      | Sabo the Octopode Air Elementalist began the quest for the
                  | Orb.
     0 | D:1      | Reached XP level 1. HP: 11/11 MP: 3/3
   501 | D:1      | Found a faded altar of an unknown god.
   569 | D:1      | Prayed at the altar of an unknown god.
   569 | D:1      | Became a worshipper of Ignis, the Dying Flame
   672 | D:1      | Reached XP level 2. HP: 17/17 MP: 0/5
  1434 | D:1      | Reached XP level 3. HP: 21/21 MP: 6/6
  2135 | D:2      | Noticed Sigmund
  2149 | D:2      | Killed Sigmund
  2150 | D:2      | Reached skill level 4 in Air Magic
  2150 | D:2      | Reached XP level 4. HP: 5/27 MP: 1/8
  2150 | D:2      | Reached XP level 5. HP: 6/31 MP: 1/9
  3242 | D:3      | Reached XP level 6. HP: 36/36 MP: 6/11
  3710 | D:3      | Found Eroky's Antique Armour Shoppe.
  3938 | D:4      | Found a white marble altar of Elyvilon.
  4002 | D:4      | Found a sacrificial altar of Ru.
  4269 | D:4      | Noticed a sky beast
  4560 | D:4      | Reached skill level 5 in Air Magic
  4566 | D:4      | Reached XP level 7. HP: 42/42 MP: 1/12
  4960 | D:4      | Reached skill level 1 in Polearms
  5163 | D:4      | Noticed a steam dragon
  5178 | D:4      | Killed a steam dragon
  5499 | D:4      | Slain by a sky beast

Illustrated notes

Levels and vault maps discovered:
D:1:      saegor_arrival_simple_d, layout_basic, ebering_ecumenical_altar_webs
D:2:      layout_rooms, uniq_sigmund
D:3:      layout_loops_ring, serial_forest, infiniplex_forest_clump_medium,
          infiniplex_forest_straight_4, infiniplex_forest_end_1,
          infiniplex_forest_corner_1, infiniplex_forest_clump_diagonal,
          infiniplex_forest_clump_small, infiniplex_forest_clump_small,
          infiniplex_forest_lined_4_way, infiniplex_forest_lined_3_way,
          serial_shops, nicolae_lakefront_shop
D:4:      layout_loops_ring, nicolae_overflow_hidden_temple

Skill      XL: |  1  2  3  4  5  6  7 |
---------------+----------------------+-----
Stealth        | 3 4 |  4.4
Spellcasting   | 3 4 |  4.1
Conjurations   | 2 3 |  3.2
Air Magic      | 4 5 |  5.2
Polearms       | 1 |  1.6
Fighting       | |  0.8
Short Blades   | |  0.6
Dodging        | |  2.3

Action                   |  1- 3 |  4- 6 |  7- 9 || total
-------------------------+-------+-------+-------++-------
Melee: Unarmed           |     5 |       |       ||     5
       Tentacles         |     5 |     2 |     4 ||    11
       Short sword       |    17 |       |       ||    17
       Constrict         |     3 |     6 |     2 ||    11
       Punch             |     1 |       |       ||     1
       Halberd           |       |    22 |    19 ||    41
       Dagger            |       |       |     6 ||     6
Throw: Dart              |     1 |       |       ||     1
 Cast: Shock             |    63 |    63 |    14 ||   140
Invok: Fiery Armour      |     1 |       |     1 ||     2
  Use: Scroll            |       |     5 |     1 ||     6
 Stab: Sleeping          |     1 |     2 |       ||     3
Armor: Skin              |     3 |     6 |     8 ||    17
Dodge: Dodged            |    18 |    12 |    20 ||    50
